 Dungeon Crawl Stone Soup version 0.26-a0-663-g36e8fdb655 (webtiles) character file.

Game seed: 5388147194817690686

4069 Drevant2 the Spear-Bearer (level 10, -1/77 HPs)
             Began as a Minotaur Gladiator on Oct 10, 2020.
             Slain by Erica
             ... wielding a +4 scimitar of flaming
              (6 damage)
             ... on level 8 of the Dungeon.
             The game lasted 00:15:12 (8096 turns).

Drevant2 the Spear-Bearer (Minotaur Gladiator)      Turns: 8096, Time: 00:15:13

Health: -1/77      AC:  4    Str: 20    XL:     10   Next: 5%
Magic:  9/9        EV: 13    Int:  7    God:
Gold:   297        SH:  5    Dex: 12    Spells: 9/9 levels left

rFire    . . .     SeeInvis .   w - +3 trident (vorpal)
rCold    . . .     Faith    .   (no shield)
rNeg     + . .     Spirit   .   g - +1 leather armour {MR+}
rPois    .         Reflect  +   c - +0 hat
rElec    .         Harm     .   (no cloak)
rCorr    .         Rampage  .   (no gloves)
MR       +....                  (no boots)
Stlth    +.........             s - amulet of reflection
HPRegen  0.22/turn              j - ring of positive energy
MPRegen  0.11/turn              (no ring)

@: hasted, very quick
A: retaliatory headbutt, horns 2
a: no special abilities


You were on level 8 of the Dungeon.
You visited 1 branch of the dungeon, and saw 8 of its levels.
You also visited: Ossuary.

You collected 440 gold pieces.
You spent 143 gold pieces at shops.

Inventory:

Hand Weapons
 a - a +1 trident
 w - a +3 vorpal trident (weapon)
Missiles
 d - a throwing net (quivered)
Armour
 b - a +0 leather armour
 c - a +0 hat (worn)
 g - a +1 leather armour of magic resistance (worn)
 v - the +0 robe "Yzing" {Dex+6}
   (You found it on level 4 of the Dungeon)

   It affects your dexterity (+6).
 E - the +1 robe of Sharp Tender Moments {rCorr}
   (You found it on level 6 of the Dungeon)

   It provides partial protection from all sources of acid and corrosion.
Jewellery
 j - a ring of positive energy (left hand)
 s - an amulet of reflection (around neck)
 y - a +4 ring of protection {unknown}
 F - an uncursed ring of wizardry {unknown}
Wands
 f - a wand of disintegration (14)
 A - a wand of polymorph (8)
 D - a wand of flame (19)
Scrolls
 i - 8 scrolls of remove curse {unknown}
 k - 6 scrolls of teleportation {unknown}
 l - a scroll of random uselessness {unknown}
 u - a scroll of magic mapping {unknown}
 G - 2 scrolls of holy word {unknown}
Potions
 e - 2 potions of stabbing
 h - 2 potions of might
 m - 6 potions of curing
 n - a potion of heal wounds
 o - 2 potions of berserk rage {unknown}
 q - 2 potions of resistance {unknown}
 r - 4 potions of brilliance
 t - 2 potions of haste
 x - 2 potions of magic {unknown}
 z - 2 potions of invisibility
 C - a potion of lignification {unknown}


   Skills:
 - Level 3.2 Fighting
 * Level 13.7 Polearms
 + Level 8.3 Throwing
 - Level 1.2 Armour
 - Level 4.2 Dodging
 - Level 0.4 Stealth


You had 9 spell levels left.
You didn't know any spells.
Your spell library contained the following spells:

 Spells                   Type           Power        Failure   Level
 Poisonous Vapours        Pois/Air       #.....       63%         2
 Swiftness                Air            #.......     63%         2
 Alistair's Intoxication  Tmut/Pois      #........    100%        5
 Tornado                  Air            #.........   100%        9


Dungeon Overview and Level Annotations

Branches:
Dungeon (8/15)             Temple (0/1) D:6         Ossuary (visited)
   Lair: D:8-11

Altars:
Ashenzari
Elyvilon
Zin

Shops:
D:5 [(:=:   D:7 :   D:8 (

Annotations:
D:8 Erica


Innate Abilities, Weirdness & Mutations

You reflexively headbutt those who attack you in melee.
You have a pair of horns on your head.


Message History

You are knocked back by the lance of force.
You slam into the rock wall!
* * * LOW HITPOINT WARNING * * *
You feel much better.
You barely miss something. You headbutt something! Something hits you!
* * * LOW HITPOINT WARNING * * *
Something burns you.
* * * LOW HITPOINT WARNING * * *
You miss something. You headbutt something. You barely miss something.
You hit something but do no damage. Something hits you.
* * * LOW HITPOINT WARNING * * *
Something burns you.
* * * LOW HITPOINT WARNING * * *
You hit something but do no damage. You barely miss something.
Your headbutt misses something. You closely miss something.
You headbutt something! Something hits you!
* * * LOW HITPOINT WARNING * * *
Something burns you.
You die...

#### ### #..## ..#
#.######...#
#...###.{........#
#..{#######.### #.###@# #..#
### #..######## #.....##...
################..........
.##...........#.............
..............###...........
......#........#............
......##.....)..............
.##......#...)#.#......#....


There were no monsters in sight!

Vanquished Creatures
  Sigmund (D:6)
  A wyvern (D:8)
  Eustachio (D:6)
  Menkaure (D:6)
  2 orc warriors
  3 sky beasts
  2 ice beasts
  A phantom (D:4)
  2 necrophages (D:6)
  4 ogres
  2 centaurs (D:6)
  2 bullfrogs
  A scorpion (D:4)
  7 wights
  2 howler monkeys (D:8)
  2 bullfrog zombies (Ossuary)
  A quasit (D:8)
  3 centaur zombies
  3 jellies
  A gnoll shaman (D:8)
  2 orc priests (D:8)
  3 hounds
  5 orc wizards
  3 worker ants
  A killer bee zombie (Ossuary)
  4 hound zombies
  12 mummies
  A howler monkey zombie (D:5)
  3 worker ant zombies (Ossuary)
  8 gnolls (D:8)
  7 adders
  A white imp (D:8)
  An ufetubus (D:8)
  An ooze (D:1)
  An adder zombie (D:7)
  An adder skeleton (D:5)
  4 dart slugs
  3 leopard geckos
  20 orcs
  2 ball pythons
  6 giant cockroaches
  8 goblins
  6 hobgoblins
  20 jackals
  10 kobolds
  A quokka (D:2)
  8 bats
  4 frilled lizards
  3 giant cockroach zombies (Ossuary)
  A jackal skeleton (D:4)
  2 jackal zombies (Ossuary)
  2 leopard gecko zombies (Ossuary)
  2 quokka zombies (Ossuary)
  7 rats
205 creatures vanquished.

Vanquished Creatures (others)
  8 withered plants (Ossuary)
8 creatures vanquished.

Grand Total: 213 creatures vanquished

Notes
Turn   | Place    | Note
-------+----------+-------------------------------------------
     0 | D:1      | Drevant2 the Minotaur Gladiator began the quest for the
                  | Orb.
     0 | D:1      | Reached XP level 1. HP: 18/18 MP: 0/0
   290 | D:1      | Reached skill level 4 in Polearms
   290 | D:1      | Reached XP level 2. HP: 25/25 MP: 1/1
   547 | D:1      | Reached XP level 3. HP: 30/30 MP: 2/2
  1617 | D:2      | Reached XP level 4. HP: 37/37 MP: 3/3
  1798 | D:3      | Reached skill level 5 in Polearms
  1957 | D:3      | Reached skill level 1 in Armour
  2214 | D:3      | Reached XP level 5. HP: 45/45 MP: 4/4
  2357 | D:4      | Noticed an ogre
  2365 | D:4      | Killed an ogre
  2365 | D:4      | Reached skill level 6 in Polearms
  2365 | D:4      | Reached XP level 6. HP: 31/51 MP: 5/5
  2575 | D:4      | Reached skill level 7 in Polearms
  3005 | D:4      | Reached XP level 7. HP: 54/57 MP: 6/6
  3025 | D:4      | Got a sheer robe
  3034 | D:4      | Identified the +0 robe "Yzing" {Dex+6} (You found it on
                  | level 4 of the Dungeon)
  3192 | D:5      | Entered Level 5 of the Dungeon
  3214 | D:5      | Found Aliamay's Book Emporium.
  3274 | D:5      | Found Quefuqar's Antique Weapon Boutique.
  3278 | D:5      | Bought a glowing trident for 143 gold pieces
  3288 | D:5      | Found Inenoahysch's Antique Armour Shoppe.
  3386 | D:5      | Found a glowing silver altar of Zin.
  3387 | D:5      | Noticed an angel
  3632 | D:5      | Found Pupuon's Jewellery Emporium.
  3673 | D:5      | Found Rostrem's Book Boutique.
  3778 | D:5      | Reached skill level 8 in Polearms
  4571 | D:6      | Reached skill level 9 in Polearms
  4660 | D:6      | Reached skill level 5 in Throwing
  4660 | D:6      | Reached XP level 8. HP: 63/63 MP: 7/7
  4808 | D:6      | Noticed Menkaure
  4815 | D:6      | Killed Menkaure
  4961 | D:6      | Reached skill level 10 in Polearms
  5163 | D:6      | Noticed Eustachio
  5175 | D:6      | Killed Eustachio
  5474 | D:6      | Found a staircase to the Ecumenical Temple.
  5498 | D:6      | Noticed Sigmund
  5518 | D:6      | Killed Sigmund
  5574 | D:6      | Reached skill level 11 in Polearms
  5824 | D:6      | Got a fabulously ornate robe
  5867 | D:7      | Found Juaheho's Book Boutique.
  6039 | D:7      | Identified the Volume of Flight and Venom
  6178 | D:7      | Reached XP level 9. HP: 69/70 MP: 8/8
  6218 | D:7      | Found a white marble altar of Elyvilon.
  6341 | D:7      | Found a sand-covered staircase.
  6350 | Ossuary  | Entered an ossuary
  6616 | Ossuary  | Reached skill level 12 in Polearms
  6776 | Ossuary  | Identified the +1 robe of Sharp Tender Moments {rCorr} (You
                  | found it on level 6 of the Dungeon)
  7223 | D:8      | Reached skill level 13 in Polearms
  7295 | D:8      | Noticed Erica
  7923 | D:8      | Found a broken altar of Ashenzari.
  7979 | D:8      | Reached XP level 10. HP: 66/77 MP: 9/9
  8021 | D:8      | Found Zurphuom's Antique Weapon Shop.
  8086 | D:8      | HP: 2/77 [something (5)]
  8096 | D:8      | Slain by Erica

Illustrated notes

Levels and vault maps discovered:
D:1:      wheals_arrival_linesprint, layout_loops_ring, st_stairs_8,
          minmay_misc_feat_square, wander_ebering_terrifying_dragon_lair
D:2:      minmay_alternating_diamond, layout_basic
D:3:      layout_basic, minmay_misc_feat_five
D:4:      layout_rooms
D:5:      layout_loops_corners, zin_angel, serial_shops, shop, shop_fountains,
          shop, shop_fountains, nicolae_shop_crystal
D:6:      layout_loops_corners, minmay_temple_entry_butterflies, uniq_eustachio,
          uniq_sigmund, uniq_menkaure
D:7:      layout_rooms, elyvilon_altar_4, gup_ossuary_entry_pyramid,
          serial_shops, shop, kennysheep_nub, minmay_misc_feat_doors
D:8:      layout_cave_pools, overflow_temple_1_default, erik_lair_dragon,
          serial_gnoll_camp, gnoll_camp_huts_basic, gnoll_camp_mini_basic,
          gnoll_camp_mini_shop, gnoll_camp_mini_house, gnoll_camp_mini_basic,
          uniq_erica

Skill      XL: |  1  2  3  4  5  6  7  8  9 |
---------------+----------------------------+-----
Polearms       | 4 5 6 7 9 11 13 | 13.7
Dodging        | 4 |  4.2
Fighting       | 3 |  3.2
Armour         | 1 |  1.2
Throwing       | 3 5 6 8 |  8.3
Stealth        | |  0.4

Action                   |  1- 3 |  4- 6 |  7- 9 | 10-12 || total
-------------------------+-------+-------+-------+-------++-------
Melee: Trident           |    96 |   124 |   378 |    35 ||   633
       Headbutt          |    14 |    21 |    56 |     5 ||    96
Throw: Throwing net      |       |     1 |       |     1 ||     2
  Use: Scroll            |       |       |    11 |       ||    11
       Potion            |       |       |       |     5 ||     5
 Stab: Sleeping          |     1 |       |     1 |       ||     2
       Distracted        |       |       |     1 |       ||     1
Armor: Leather armour    |    18 |    19 |    28 |       ||    65
Dodge: Dodged            |    61 |    57 |    99 |     4 ||   221
Block: Other             |       |    17 |    26 |     1 ||    44
       Reflection        |       |     1 |     1 |       ||     2

Table legend: (Time is in decaauts)
 A = Elapsed time spent in this place.
 B = Non-inter-level travel time spent in this place.
 C = Inter-level travel time spent in this place.
 D = Time resting spent in this place.
 E = Time spent auto-exploring this place.
 F = Levels seen in this place.
 G = Mean time per level.
                   A        B        C        D        E       F      G
               +--------+--------+--------+--------+--------+-----+--------+
         Total |   7986 |   7506 |    480 |   2339 |   3991 |   9 |  887.3 |
       Dungeon |   7559 |   7079 |    480 |   2237 |   3857 |   8 |  944.9 |
       Ossuary |    427 |    427 |      0 |    102 |    134 |   1 |  427.0 |
               +--------+--------+--------+--------+--------+-----+--------+

Top non-repeatable levels by time:
     D:6: 1905 daAuts
     D:1: 905 daAuts
     D:2: 878 daAuts
     D:7: 858 daAuts
     D:4: 851 daAuts
     D:8: 845 daAuts
     D:5: 751 daAuts
     D:3: 563 daAuts
 Ossuary: 427 daAuts
